 Dungeon Crawl Stone Soup version 0.22-a0-855-g415d086bb8 (console) character file.

52 Lexodia the Shield-Bearer (level 4, -1/55 HPs)
             Began as a Formicid Fighter on July 27, 2018.
             Succumbed to Sigmund's poison
             ... on level 2 of the Dungeon.
             The game lasted 00:02:48 (904 turns).

Lexodia the Shield-Bearer (Formicid Fighter)         Turns: 904, Time: 00:02:48

Health: -1/55      AC: 22    Str: 22    XL:     4   Next: 8%
Magic:  4/4        EV:  2    Int:  7    God:
Gold:   63         SH:  9    Dex: 10    Spells: 3/3 levels left

rFire    . . .     SeeInvis .   a - +0 long sword
rCold    . . .     Gourm    .   c - +0 shield
rNeg     + + +     Faith    .   (armour currently unavailable)
rPois    +         Spirit   .   (helmet unavailable)
rElec    .         Reflect  .   (cloak currently unavailable)
rCorr    .         Harm     .   (gloves currently unavailable)
MR       .....                  (boots currently unavailable)
Stlth    +.........             (no amulet)
HPRegen  0.18/turn              (no ring)
MPRegen  0.09/turn              (no ring)

@: lethally poisoned (-1 -> -33), tree-form
A: permanent stasis, dig shafts and tunnels, four strong arms
a: no special abilities


You were on level 2 of the Dungeon.
You were hungry.
You were a tree.
You visited 1 branch of the dungeon, and saw 2 of its levels.

You collected 63 gold pieces.

Inventory:

Hand Weapons
 a - a +0 long sword (weapon)
Armour
 b - a +0 scale mail (melded)
 c - a +0 shield (worn)
Scrolls
 e - a scroll of immolation {unknown}
 i - 2 scrolls of remove curse {unknown}
 j - 2 scrolls of teleportation {unknown}
Potions
 d - a potion of might
Comestibles
 f - 4 rations
 g - 3 chunks of flesh


   Skills:
 + Level 3.8 Fighting
 + Level 2.6 Long Blades
 + Level 3.8 Armour
 + Level 4.2 Shields


You had 3 spell levels left.
You didn't know any spells.
Your spell library was empty.

Dungeon Overview and Level Annotations

Branches:
Dungeon (2/15)

Altars:
Vehumet

Annotations:
D:2 Sigmund


Innate Abilities, Weirdness & Mutations

You cannot be hasted, slowed, berserked, paralysed or teleported.
You can dig through walls and to a lower floor.
Your four strong arms can wield two-handed weapons with a shield.
((You have a pair of large antennae on your head. (SInv)))


Message History

The hobgoblin barely misses you.
You hit the hobgoblin.
You kill the hobgoblin!
* * * LOW HITPOINT WARNING * * *
You feel sick. Sigmund hits you but does no damage.
You are more poisoned.
You block the worm's attack.
Damage: -6%(-2hp) hp: 30%(11hp) It was a potion of magic.
Magic courses through your body.
* * * LOW HITPOINT WARNING * * *
You feel sick.
Sigmund hits you from afar with a scythe of venom!
* * * LOW HITPOINT WARNING * * *
You are more poisoned.
You block the worm's attack.
Huge Dmg: -27%(-10hp) hp: 3%(1hp) It was a potion of lignification.
You turn into a tree.
Your +0 scale mail melds into your body.
Your roots penetrate the ground.
You die...

###>.......## ..
##.........## #
...#......##
.........#
.........#####.#
..#...#..†.....#
. ##.###..###...
#..#...#...###.?.
....._.♣w........
...#...#.........
.###.###..###...
#.. #.{## .. ...
....# .
###.......
...###### <#


You could see a worm.

Vanquished Creatures
  An adder (D:2)
  5 dart slugs
  A ball python (D:1)
  3 bats (D:1)
  3 goblins
  5 hobgoblins
  3 jackals (D:2)
  5 kobolds (D:1)
  A frilled lizard (D:1)
  4 rats (D:1)
31 creatures vanquished.

Notes
Turn   | Place    | Note
-------+----------+-------------------------------------------
     0 | D:1      | Lexodia the Formicid Fighter began the quest for the Orb.
     0 | D:1      | Reached XP level 1. HP: 18/18 MP: 1/1
    32 | D:1      | Huge Dmg: 4 dmg
   109 | D:1      | Reached XP level 2. HP: 18/24 MP: 2/2
   293 | D:1      | Huge Dmg: 5 dmg
   297 | D:1      | Reached skill level 4 in Shields
   396 | D:1      | Reached XP level 3. HP: 21/29 MP: 3/3
   844 | D:2      | Reached XP level 4. HP: 20/37 MP: 4/4
   882 | D:2      | Found a radiant altar of Vehumet.
   890 | D:2      | Noticed Sigmund
   896 | D:2      | Huge Dmg: 7 dmg
   903 | D:2      | HP: 1/37 [Sigmund/scythe of venom (8)]
   904 | D:2      | Huge Dmg: 10 dmg
   904 | D:2      | Succumbed to Sigmund's poison

Vault maps used:
D:1:      sevenhm_arrival_forest_fort_large_2, minmay_cut_off
D:2:      vehumet_crystals, nicolae_ru_great_annihilating_truth, first_ration,
          guppyfry_early_lair_pool, uniq_sigmund

Skill      XL: |  1  2 |
---------------+-------+-----
Shields        | 4 |  4.2
Fighting       | |  3.8
Long Blades    | |  2.6
Armour         | |  3.8

Action                   |  1- 3 |  4- 6 || total
-------------------------+-------+-------++-------
Melee: Long sword        |   109 |     8 ||   117
 Abil: Dig               |     1 |       ||     1
  Use: Potion            |       |     2 ||     2
Armor: Scale mail        |    39 |     1 ||    40
Dodge: Dodged            |    33 |     2 ||    35
Block: Shield            |    60 |     8 ||    68
       Rpst.: Long sword |    10 |       ||    10

Table legend:
 A = Spawn XP
 B = Non-spawn XP
 C = Spawn XP percentage of total XP
 D = Spawn monster count
 E = Non-spawn monster count
 F = Spawn count percentage of total count
 G = Total turns spent on level
                    A         B        C        D         E        F      G
               +---------+---------+-------+---------+---------+-------+---------
         Total |       0 |      75 |   0.0 |       0 |      31 |   0.0 |   904
               +---------+---------+-------+---------+---------+-------+---------
           D:1 |       0 |      42 |   0.0 |       0 |      22 |   0.0 |   806
           D:2 |       0 |      33 |   0.0 |       0 |       9 |   0.0 |    98
               +---------+---------+-------+---------+---------+-------+---------
